 Dungeon Crawl Stone Soup version 0.20-a0-983-g35de22d (webtiles) character file.

6596 Multipenetrator the Summoner (level 11, -21/76 HPs)
             Began as a Barachi Summoner on Apr 10, 2017.
             Was a High Priest of Cheibriados.
             Demolished by a minotaur
             ... wielding a +0 eveningstar
              (36 damage)
             ... in a labyrinth.
             The game lasted 02:14:28 (12474 turns).

Multipenetrator the Summoner (Barachi Summoner)    Turns: 12474, Time: 02:14:29

Health: -21/76     AC:  8    Str: 22    XL:     11   Next: 2%
Magic:  1/34       EV: 15    Int: 31    God:    Cheibriados [*****.]
Gold:   633        SH:  0    Dex: 25    Spells: 11/30 levels left

rFire    . . .     SeeInvis .   B - +1 rapier (elec)
rCold    . . .     Gourm    .   (no shield)
rNeg     . . .     Faith    .   P - +2 leather armour of the Trombone {+Inv Str-2 Dex-3 Slay+4}
rPois    .         Spirit   .   w - +2 helmet
rElec    .         Reflect  .   (no cloak)
rCorr    .         Harm     .   (no gloves)
MR       .....                  (no boots)
Stlth    ++........             (no amulet)
Regen    0.3/turn               M - ring of wizardry
MPRegen  0.3/turn               y - ring of magical power

@: can't hop, very slightly contaminated, very slow
A: +LOS, swims, mutation resistance 1, screaming 1, slowness 1, strong legs 1
a: Hop, Bend Time, Temporal Distortion, Slouch, Step From Time, Renounce
Religion, Evoke Invisibility


You were in a labyrinth.
You worshipped Cheibriados.
Cheibriados was extremely pleased with you.
You were not hungry.

You visited 3 branches of the dungeon, and saw 11 of its levels.
You also visited: Labyrinth.

You collected 633 gold pieces.

Inventory:

Hand Weapons
 a - a cursed +0 dagger
 h - a +2 antimagic scythe
 k - a +2 dagger of draining
 B - a +1 rapier of electrocution (weapon)
 I - a +0 rapier of venom
 V - the +6 arbalest of Greatest Utility {elec, +Inv MR+ Str+3, unknown}
   (You found it in a labyrinth)

   It charges the ammunition it shoots with electricity; occasionally upon a
   hit, such missiles may discharge and cause terrible harm.
   It affects your strength (+3).
   It affects your resistance to hostile enchantments.
   It lets you turn invisible.
Armour
 p - the +2 robe of Okawaru's Reproof {rF+}
   (You found it on level 1 of the Lair of Beasts)

   It protects you from fire.
 s - a +2 robe of cold resistance
 w - a +2 helmet (worn)
 x - a +0 pair of gloves
 z - a +0 cloak
 P - the +2 leather armour of the Trombone (worn) {+Inv Str-2 Dex-3 Slay+4}
   (You took it off an orc on level 7 of the Dungeon)

   It affects your strength (-2).
   It affects your dexterity (-3).
   It affects your accuracy and damage with ranged weapons and melee attacks
   (+4).
   It lets you turn invisible.
 T - a +0 pair of boots
Jewellery
 g - an uncursed ring of protection from magic
 q - an uncursed ring of see invisible
 y - a ring of magical power (right hand)
 K - an uncursed ring of positive energy
 M - a ring of wizardry (left hand)
Wands
 m - a wand of polymorph (21/24)
 E - a wand of flame (26/48)
 H - a wand of flame (41/48)
 Q - a wand of flame (30/48)
Scrolls
 d - 4 scrolls of remove curse
 e - 5 scrolls of teleportation
 l - a scroll of enchant armour {unknown}
 r - a scroll of amnesia {unknown}
 t - 2 scrolls of fear {unknown}
 A - a scroll of magic mapping
 L - a scroll of enchant weapon {unknown}
 N - a scroll of fog {unknown}
 O - 3 scrolls of recharging
 S - a scroll of noise {unknown}
 U - a scroll of random uselessness {unknown}
Potions
 i - 2 potions of heal wounds
 j - 2 potions of might
 n - 2 potions of lignification
 u - 2 potions of magic {unknown}
 v - 2 potions of brilliance
 D - a potion of resistance {unknown}
 F - a potion of agility {unknown}
 J - a potion of cancellation {unknown}
 R - a potion of curing {unknown}
Books
 b - a book of Callings

   Spells                             Type                      Level
   a - Summon Small Mammal            Summoning                    1
   b - Call Imp                       Summoning                    2
   c - Call Canine Familiar           Summoning                    3
   d - Summon Guardian Golem          Hexes/Summoning              3
   e - Summon Lightning Spire         Summoning/Air                4
   f - Summon Ice Beast               Ice/Summoning                4
 o - a book of Flames

   Spells                             Type                      Level
   a - Flame Tongue                   Conjuration/Fire             1
   b - Throw Flame                    Conjuration/Fire             2
   c - Conjure Flame                  Conjuration/Fire             3
   d - Inner Flame                    Hexes/Fire                   3
   e - Sticky Flame                   Conjuration/Fire             4
   f - Fireball                       Conjuration/Fire             5
Comestibles
 c - 8 bread rations
 f - 12 fruits
 C - 3 royal jellies


   Skills:
 + Level 3.7 Fighting
 - Level 3.6 Short Blades
 + Level 3.3 Armour
 + Level 4.1 Dodging
 - Level 1.7 Stealth
 + Level 10.3 Spellcasting
 + Level 11.4 Summonings
 + Level 4.0 Ice Magic
 + Level 4.0 Air Magic
 + Level 1.8 Invocations
 * Level 3.4 Evocations


You had 11 spell levels left.
You knew the following spells:

 Your Spells              Type           Power        Failure   Level  Hunger
a - Summon Small Mammal   Summ           ####         1%          1    None
b - Call Imp              Summ           ######..     1%          2    None
c - Call Canine Familiar  Summ           ######..     1%          3    None
d - Summon Ice Beast      Ice/Summ       ######..     1%          4    None
e - Summon Lightning Spi  Summ/Air       ######..     1%          4    None
f - Fireball              Conj/Fire      ###.......   58%         5    ###....


Dungeon Overview and Level Annotations

Branches:
Dungeon (8/15)             Temple (1/1) D:4            Lair (2/6) D:8
 Spider (0/4) Lair:2
  Swamp: Lair:2-4    Shoals: Lair:2-4

Altars:
Ashenzari
Cheibriados
Dithmenos
Elyvilon
Fedhas
Gozag
Hepliaklqana
Kikubaaqudgha
Makhleb
Nemelex Xobeh
Okawaru
Qazlal
Ru
Sif Muna
Trog
Uskayaw
Vehumet
Wu Jian
Xom
Zin
The Shining One

Shops:
D:5 }


Innate Abilities, Weirdness & Mutations

Shadows flee at your approach. (+LOS)
You can swim through water.
You cover ground slowly.
You can hop short distances.
You are somewhat resistant to further mutation.
You occasionally shout uncontrollably at your foes.


Message History

The minotaur hits your ice beast with an eveningstar!!
The minotaur gores your ice beast.
Your ice beast dies!
Casting: Summon Ice Beast
Confirm with . or Enter, or press ? or * to list all spells.
The minotaur blocks your attack.
The minotaur is almost dead.
Your lightning spire disappears in a puff of smoke!
The minotaur closely misses you. The minotaur gores you!
* * * LOW HITPOINT WARNING * * *
Okay, then.
Okay, then.
Evoke which item? (* to show all) (? for menu, Esc to quit)
Okay, then.
Okay, then.
The minotaur blocks your attack.
The minotaur is almost dead.
The minotaur blocks your warg's attack.
The minotaur hits you with an eveningstar!!!
You die...

. ... . . #.
# # . ....# .
. ####.. #.
.## 8< #.
...#.. :. #.
.## ..#8.8 .
.#. .. ). #.
# # #. #
.8#.####.###
#. .
...#§h@.....#
### .#
.8#.H#####.#
# ...
.##'##.... #
# #.. ....##
...#.#.......
.###
#.#.#####
#...#...
#####.#.#
#.#.#


You could see a minotaur and a friendly warg.

Vanquished Creatures
  A spiny frog (Lair:1)
  A hippogriff (D:8)
  A spriggan (D:7)
  5 yaks (Lair:1)
  A hungry ghost (Lab)
  A steam dragon (D:8)
  A porcupine (Lair:1)
  A sky beast (D:6)
  2 phantoms
  A necrophage (D:6)
  An ogre (D:7)
  2 crocodiles (Lair:1)
  2 bullfrogs
  3 scorpions
  A wight (D:8)
  A hound (D:5)
  An orc priest (D:7)
  2 centaur skeletons
  An iguana (D:4)
  A worker ant (D:4)
  A hound zombie (D:5)
  A gnoll (D:7)
  An adder (D:6)
  A howler monkey skeleton (D:5)
  An adder skeleton (D:6)
  A worm (D:3)
  2 giant cockroaches
  5 hobgoblins
  2 jackals (D:3)
  4 kobolds
  A quokka (D:4)
  4 bats
  4 frilled lizards
  5 goblins
  A jackal skeleton (D:8)
  7 rats
71 creatures vanquished.

Vanquished Creatures (collateral kills)
  The ghost of Starbucks the Fighter, a novice DsCK of Xom (Lair:1)
  A black mamba (Lair:1)
  Joseph (D:7)
  2 komodo dragons (Lair:1)
  The ghost of cortexin the Covert, a novice SpAs of Uskayaw (D:4)
  A minotaur skeleton (Lab)
  4 blink frogs (Lair:1)
  8 yaks (Lair:1)
  Sigmund (D:3)
  Eustachio (D:5)
  5 hungry ghosts (Lab)
  Edmund (D:5)
  Duvessa (D:5)
  2 ice beasts
  A sky beast (D:8)
  6 ogres
  A necrophage (D:8)
  3 centaurs
  4 crocodiles (Lair:1)
  2 big kobolds (D:7)
  3 bullfrogs
  2 earth elementals (Lab)
  Dowan (D:5)
  2 scorpions
  3 wights (D:8)
  A troll skeleton (Lab)
  A centaur zombie (D:5)
  2 crimson imps
  2 hounds
  2 bullfrog zombies
  2 orc priests
  7 orc wizards
  A centaur skeleton (D:8)
  4 iguanas
  2 worker ants (D:7)
  A killer bee zombie (D:5)
  A hound skeleton (D:6)
  A howler monkey zombie (D:6)
  A worker ant zombie (D:8)
  Robin (D:3)
  2 adders (D:2)
  3 gnolls
  A howler monkey skeleton (D:7)
  3 shadow imps
  An ooze (D:2)
  3 adder skeletons
  2 worms
  A dart slug (D:2)
  9 leopard geckos
  14 orcs
  A ball python (D:3)
  5 giant cockroaches
  13 goblins
  11 hobgoblins
  7 jackals
  16 kobolds
  3 quokkas
  3 bats (D:1)
  A frilled lizard (D:2)
  A jackal skeleton (D:5)
  A quokka skeleton (D:6)
  6 rats
  2 butterflies (D:4)
196 creatures vanquished.

Grand Total: 267 creatures vanquished

Notes
Turn   | Place    | Note
-------+----------+-------------------------------------------
     0 | D:1      | Multipenetrator the Barachi Summoner began the quest for the Orb.
     0 | D:1      | Reached XP level 1. HP: 13/13 MP: 3/3
   465 | D:1      | Reached skill level 5 in Summonings
   555 | D:1      | Reached XP level 2. HP: 17/19 MP: 3/5
   665 | D:2      | Learned a level 2 spell: Call Imp
  1166 | D:2      | Reached XP level 3. HP: 24/24 MP: 4/7
  1175 | D:2      | Learned a level 3 spell: Call Canine Familiar
  1713 | D:2      | Noticed an ice beast
  1769 | D:2      | Killed an ice beast
  1769 | D:2      | Reached XP level 4. HP: 9/30 MP: 0/9
  2475 | D:3      | Reached XP level 5. HP: 35/35 MP: 7/11
  2495 | D:3      | Learned a level 4 spell: Summon Ice Beast
  2591 | D:3      | Reached skill level 6 in Summonings
  2595 | D:3      | Noticed Robin
  2603 | D:3      | Killed Robin
  2604 | D:3      | Noticed Sigmund
  2786 | D:4      | Reached skill level 5 in Spellcasting
  2786 | D:4      | Reached XP level 6. HP: 30/41 MP: 6/13
  2815 | D:4      | Noticed cortexin's ghost (novice SpAs)
  2835 | D:4      | Killed cortexin's ghost
  2835 | D:4      | Reached skill level 7 in Summonings
  3445 | D:3      | Killed Sigmund
  3445 | D:3      | Reached XP level 7. HP: 22/46 MP: 3/16
  4149 | D:4      | Found a snail-covered altar of Cheibriados.
  4154 | D:4      | Became a worshipper of Cheibriados the Contemplative
  4290 | D:4      | Learned a level 4 spell: Summon Lightning Spire
  4421 | D:4      | Found a staircase to the Ecumenical Temple.
  4587 | D:4      | Reached skill level 1 in Ice Magic
  4597 | Temple   | Entered the Ecumenical Temple
  5076 | D:5      | Entered Level 5 of the Dungeon
  5085 | D:5      | Noticed Eustachio
  5100 | D:5      | Killed Eustachio
  5193 | D:5      | Noticed Duvessa
  5193 | D:5      | Noticed Dowan
  5258 | D:5      | Killed Duvessa
  5279 | D:5      | Killed Dowan
  5382 | D:5      | Found a sparkling altar of Nemelex Xobeh.
  5384 | D:5      | Found Ugyro's Gadget Emporium.
  5408 | D:5      | Noticed Edmund
  5411 | D:5      | Reached * piety under Cheibriados
  5420 | D:5      | Killed Edmund
  5420 | D:5      | Reached skill level 1 in Short Blades
  5420 | D:5      | Reached XP level 8. HP: 6/53 MP: 17/18
  5637 | D:5      | Reached skill level 8 in Summonings
  5637 | D:5      | Reached skill level 1 in Air Magic
  5987 | D:5      | Found an ornate altar of the Wu Jian Council.
  6699 | D:6      | Reached skill level 1 in Fighting
  6711 | D:6      | Reached ** piety under Cheibriados
  7746 | D:7      | Reached XP level 9. HP: 41/60 MP: 20/20
  7776 | D:7      | Reached *** piety under Cheibriados
  7794 | D:7      | Found a hazy altar of Hepliaklqana.
  7807 | D:7      | Noticed Joseph
  7820 | D:7      | Killed Joseph
  7820 | D:7      | Reached skill level 9 in Summonings
  8130 | D:7      | Learned a level 5 spell: Fireball
  8170 | D:7      | Got a fine leather armour
  8182 | D:7      | Identified the +2 leather armour of the Trombone {+Inv Str-2 Dex-3 Slay+4} (You took it off an orc on level 7 of the Dungeon)
  8243 | D:7      | Found an opulent altar of Gozag.
  8585 | D:7      | Reached **** piety under Cheibriados
  8697 | D:8      | Reached skill level 1 in Armour
  8786 | D:8      | Found a burning altar of Makhleb.
  8959 | D:8      | Found a staircase to the Lair.
  8960 | D:8      | Found a glowing silver altar of Zin.
  9009 | D:8      | Gained mutation: You have large cloven feet. [mutagenic meat]
  9010 | D:8      | Gained mutation: Your spells are a little harder to cast, but a little more powerful. [mutagenic meat]
  9013 | D:8      | Gained mutation: Armour fits poorly on your strangely shaped body. [mutagenic meat]
  9014 | D:8      | Gained mutation: You are resistant to hostile enchantments. (MR+) [mutagenic meat]
  9015 | D:8      | Lost mutation: You are resistant to hostile enchantments. (MR+) [potion of mutation]
  9015 | D:8      | Lost mutation: You have large cloven feet. [potion of mutation]
  9015 | D:8      | Lost mutation: Armour fits poorly on your strangely shaped body. [potion of mutation]
  9015 | D:8      | Gained mutation: Your mind is acute. (Int +2) [potion of mutation]
  9015 | D:8      | Lost mutation: Your mind is acute. (Int +2) [potion of mutation]
  9015 | D:8      | Gained mutation: Your magical capacity is low. (-10% MP) [potion of mutation]
  9015 | D:8      | Gained mutation: You are resistant to electric shocks. (rElec) [potion of mutation]
  9016 | D:8      | Lost mutation: Your magical capacity is low. (-10% MP) [potion of mutation]
  9016 | D:8      | Lost mutation: Your spells are a little harder to cast, but a little more powerful. [potion of mutation]
  9016 | D:8      | Lost mutation: You are resistant to electric shocks. (rElec) [potion of mutation]
  9016 | D:8      | Gained mutation: You occasionally shout uncontrollably at your foes. [potion of mutation]
  9016 | D:8      | Gained mutation: You are somewhat resistant to further mutation. [potion of mutation]
  9113 | D:8      | Found a white marble altar of Elyvilon.
  9151 | D:8      | Reached ***** piety under Cheibriados
  9316 | Lair:1   | Entered Level 1 of the Lair of Beasts
  9329 | Lair:1   | Reached skill level 10 in Summonings
  9336 | Lair:1   | Reached skill level 1 in Invocations
  9337 | Lair:1   | Reached XP level 10. HP: 42/68 MP: 23/23
  9461 | Lair:1   | Noticed a black mamba
  9471 | Lair:1   | Killed a black mamba
  9939 | Lair:1   | Noticed Starbucks's ghost (novice DsCK)
  9973 | Lair:1   | Killed Starbucks's ghost
 10027 | Lair:1   | Got a brightly glowing robe
 10038 | Lair:1   | Identified the +2 robe of Okawaru's Reproof {rF+} (You found it on level 1 of the Lair of Beasts)
 10200 | Lair:1   | Reached skill level 1 in Evocations
 10335 | Lair:1   | Noticed a spiny frog
 10342 | Lair:1   | Killed a spiny frog
 10884 | Lair:1   | Reached skill level 11 in Summonings
 10894 | Lair:1   | Reached skill level 10 in Spellcasting
 11423 | Lair:2   | Found a hole to the Spider Nest.
 11430 | Lair:2   | Found a labyrinth entrance.
 11440 | Lab      | Entered a labyrinth
 11713 | Lab      | Got a smoking arbalest
 12063 | Lab      | Reached XP level 11. HP: 76/76 MP: 25/25
 12444 | Lab      | Noticed a minotaur
 12474 | Lab      | Demolished by a minotaur

Vault maps used:
D:1:      dpeg_arrival_circle_labyrinth_a
D:2:      first_bread
D:3:      wad_crossroads, uniq_robin, uniq_sigmund
D:4:      minmay_temple_entry_butterflies, cheibriados_altar_1
D:5:      kennysheep_mini, nemelex_xobeh_ov_fountains_minmay, serial_shops,
          shop, uniq_duvessa, uniq_edmund, uniq_eustachio
D:6:      grunt_ministairs_8, roderic_serpentine_path
D:7:      lemuel_doored_altar, nicolae_overflow_crystal_walls, the_bakery,
          uniq_joseph
D:8:      overflow_temple_1_default, zin_academy, kennysheep_little_box,
          lair_entry_dummy
Temple:   eino_temple_water
Lair:1:   grunt_megastairs_1
Lair:2:   dummy_spider_entry, lab_entry_generic
Lab:      nicolae_lab_dead_adventurers, nicolae_lab_very_dead_end,
          nicolae_lab_hexagon, nicolae_lab_statue, nicolae_lab_big_swirl,
          nicolae_lab_quarters, lab_fountain, nicolae_lab_stuck,
          labyrinth_skeletal_remains, nicolae_lab_x

Skill      XL: |  1  2  3  4  5  6  7  8  9 10 |
---------------+-------------------------------+-----
Summonings     | 5 6 7 8 10 11 | 11.4
Spellcasting   | 3 4 5 6 7 9 10 | 10.3
Ice Magic      | 2 4 |  4.0
Short Blades   | 1 3 |  3.6
Air Magic      | 2 3 4 |  4.0
Fighting       | 1 2 3 |  3.7
Dodging        | 3 4 |  4.1
Armour         | 2 3 |  3.3
Invocations    | 1 |  1.8
Evocations     | 3 |  3.4
Stealth        | |  1.7

Action                   |  1- 3 |  4- 6 |  7- 9 | 10-12 || total
-------------------------+-------+-------+-------+-------++-------
Melee: Dagger            |    58 |    61 |    43 |       ||   162
       Rapier            |       |       |   103 |    52 ||   155
 Cast: Summon Small Mamm |    27 |       |       |       ||    27
       Call Imp          |     9 |       |       |       ||     9
       Call Canine Famil |    10 |    18 |    38 |    21 ||    87
       Summon Ice Beast  |       |     2 |    19 |    23 ||    44
       Summon Lightning  |       |       |    29 |    10 ||    39
 Abil: Hop               |       |       |     2 |     3 ||     5
       Evoke Invisibilit |       |       |       |     2 ||     2
  Use: Scroll            |       |     2 |     3 |     6 ||    11
       Potion            |       |       |     2 |       ||     2
 Stab: Sleeping          |     2 |     1 |       |     1 ||     4
       Distracted        |       |     2 |     4 |     2 ||     8
       Invisible         |       |       |       |     1 ||     1
  Eat: Chunk             |     5 |     7 |    24 |     4 ||    40
       Royal jelly       |       |       |     1 |       ||     1
       Fruit             |       |       |     1 |       ||     1
       Meat ration       |       |       |       |     1 ||     1
Armor: Robe              |    18 |    10 |    64 |       ||    92
       Leather armour    |       |       |     9 |    12 ||    21
Dodge: Dodged            |    56 |    45 |   124 |    37 ||   262
